 Dungeon Crawl Stone Soup version 0.31.0-12-g77e489cdc1 (webtiles) character file.

Game seed: 13510180663480529458

188 Gadfly the Covered (level 5, 0/33 HPs)
             Began as a Gargoyle Fighter on Mar 1, 2024.
             Was an Initiate of Zin.
             Slain by Ijyb
             ... wielding a +0 dagger
              (5 damage)
             ... on level 3 of the Dungeon.
             The game lasted 00:02:25 (2264 turns).

Gadfly the Covered (Gargoyle Fighter)               Turns: 2264, Time: 00:02:26

Health: 0/33       AC:  0    Str: 20    XL:     5   Next: 67%
Magic:  6/6        EV: 13    Int:  8    God:    Zin [......]
Gold:   67         SH:  0    Dex: 11    Spells: 4/4 levels left

rFire   . . .        a - melded +0 flail
rCold   . . .        c - melded +0 buckler
rNeg    + . .        b - melded +0 scale mail
rPois   ∞            (helmet currently unavailable)
rElec   .            (cloak currently unavailable)
rCorr   .            (gloves currently unavailable)
SInv    .            (boots currently unavailable)
Will    .....        m - amulet of the acrobat
Stlth   +            (ring currently unavailable)
HPRegen 0.25/turn    (ring currently unavailable)
MPRegen 0.10/turn

%: acrobat
@: pig-form, very quick
A: fast, no casting, sickness immunity, AC +4, small, negative energy resistance
1, (electricity resistance), torment resistance 1, petrification resistance
a: Renounce Religion, Donate Gold


You were on level 3 of the Dungeon.
You worshipped Zin.
Zin was noncommittal.
You were a filthy swine.
You visited 1 branch of the dungeon, and saw 3 of its levels.

You collected 74 gold pieces.
You donated 7 gold pieces to Zin.

Inventory:

Hand Weapons
 a - a +0 flail (melded)
Armour
 b - a +0 scale mail (melded)
 c - a +0 buckler (melded)
Jewellery
 m - an amulet of the acrobat (around neck)
Wands
 n - a wand of mindburst (10) (quivered)
Scrolls
 h - 2 scrolls of teleportation
 k - a scroll of fog
 o - a scroll of revelation {unknown}
Potions
 d - 2 potions of might
 e - a potion of magic
 f - a potion of attraction {unknown}
 g - a potion of enlightenment
 i - a potion of degeneration {unknown}
 j - a potion of curing
 l - a potion of cancellation {unknown}


   Skills:
 + Level 3.8 Fighting
 * Level 3.1 Maces & Flails
 + Level 3.9 Armour
 + Level 3.8 Shields
 * Level 2.4 Invocations
 * Level 1.7 Evocations


You had 4 spell levels left.
You didn't know any spells.
Your spell library contained the following spells:

 Spells                   Type           Power      Damage    Failure   Level
 Frozen Ramparts          Ice            0%         1d1       78%         3
 Leda's Liquefaction      Alch/Erth      0%         N/A       99%         4
 Petrify                  Alch/Erth      0%         N/A       99%         4
 Metabolic Englaciation   Hex/Ice        0%         N/A       100%        5


Dungeon Overview and Level Annotations

Branches:
Dungeon (3/15)

Altars:
Sif Muna
Zin

Annotations:
D:3 Ijyb


Innate Abilities, Weirdness & Mutations

You are a filthy swine.
You move quickly.
Your equipment is almost entirely melded.
You are incapable of wielding weapons or throwing items.
You cannot cast spells.
You are immune to sickness and miasma.
((Your stone body is resilient. (AC +4)))
You are immune to poison.
You resist negative energy. (rN+)
((You are resistant to electric shocks. (rElec)))
You are resistant to unholy torment.
You are immune to petrification.


Message History

Ijyb is severely wounded.
Ijyb closely misses you.
You barely miss Ijyb.
Ijyb is severely wounded.
Ijyb closely misses you.
You barely miss Ijyb.
Ijyb is severely wounded.
You feel less porcine.
Your +0 flail unmelds from your body.
Your +0 buckler unmelds from your body.
Your +0 scale mail unmelds from your body.
You block Ijyb's attack.
You closely miss Ijyb.
Ijyb is severely wounded.
Ijyb hits you with a +0 dagger.
You are too injured to fight recklessly!
You are too injured to fight recklessly!
You are too injured to fight recklessly!
You are too injured to fight recklessly!
You are too injured to fight recklessly!
You are too injured to fight recklessly!
You are too injured to fight recklessly!
You are too injured to fight recklessly!
You closely miss Ijyb.
Ijyb is severely wounded.
Ijyb zaps a wand.
You turn into a filthy swine.
Your +0 flail melds into your body.
Your +0 buckler melds into your body.
Your +0 scale mail melds into your body.
Ijyb hits you with a +0 dagger.
You hit Ijyb but do no damage.
Ijyb is severely wounded.
Ijyb hits you with a +0 dagger.
* * * LOW HITPOINT WARNING * * *
You hit Ijyb but do no damage.
Ijyb is severely wounded.
Ijyb hits you with a +0 dagger.
* * * LOW HITPOINT WARNING * * *
You barely miss Ijyb.
Ijyb is severely wounded.
Ijyb hits you with a +0 dagger.
You die... .....r ....o .... # ##... . . #w.. ..#. #gg

...## #B# .. #...##g# #.
###.....h# #. ##...
.........####.#######..#.
......#.....# .#... .....
...#)..###.# ...####^##
.. #..#### ####..#......
# #.....# ..#..#......
#..###.## #.#..#......
....# #).###.##....._..
..### ##..##.##.#......


You could see Ijyb, a dart slug, a giant cockroach, a hobgoblin and a goblin.

Vanquished Creatures
  A phantom (D:3)
  An orc wizard (D:3)
  An adder (D:3)
  4 dart slugs
  2 ribbon worms (D:2)
  5 orcs (D:3)
  4 ball pythons
  6 bats
  6 endoplasms
  2 giant cockroaches
  4 goblins
  8 hobgoblins
  3 jackals (D:2)
  3 kobolds
  2 quokkas
  4 frilled lizards
  3 rats
59 creatures vanquished.

Notes
Turn   | Place    | Note
-------+----------+-------------------------------------------
     0 | D:1      | Gadfly the Gargoyle Fighter began the quest for the Orb.
     0 | D:1      | Reached XP level 1. HP: 14/14 MP: 1/1
   124 | D:1      | Reached XP level 2. HP: 19/19 MP: 2/2
   383 | D:1      | Reached skill level 1 in Invocations
   399 | D:1      | Reached XP level 3. HP: 23/23 MP: 3/3
   632 | D:2      | Reached skill level 1 in Evocations
   883 | D:2      | Found a faded altar of an unknown god.
  1440 | D:2      | Reached XP level 4. HP: 28/28 MP: 5/5
  1858 | D:3      | Found a shimmering blue altar of Sif Muna.
  1922 | D:3      | Noticed a phantom
  1936 | D:3      | Killed a phantom
  1937 | D:3      | Reached XP level 5. HP: 14/33 MP: 6/6
  2033 | D:3      | Found a glowing silver altar of Zin.
  2102 | D:3      | Became a worshipper of Zin the Law-Giver
  2208 | D:3      | Noticed Ijyb
  2264 | D:3      | Slain by Ijyb

Illustrated notes

Levels and vault maps discovered:
D:1:      enne_arrival_octagon_isle, layout_basic, minmay_pentomino_v2
D:2:      layout_basic, hellmonk_ecumenical_altar_prayer_group, serial_forest,
          infiniplex_forest_clump_medium, infiniplex_forest_straight_1,
          infiniplex_forest_join, infiniplex_forest_straight_5,
          infiniplex_forest_lined_room_3, infiniplex_forest_pool,
          infiniplex_forest_straight_5, infiniplex_forest_lined_corner,
          infiniplex_forest_lined_room_2
D:3:      layout_rooms, mainiacjoe_overflow_alcove_1, old_standard_altar,
          mainiacjoe_overflow_catwalk, mainiacjoe_overflow_boulevard,
          lemuel_tele_altar, serial_shops, shop, hangedman_abyss_or_decor_stabs,
          corexii_corridor_pit, uniq_crazy_yiuf_cottage, uniq_ijyb

Skill      XL: |  1  2  3  4 |
---------------+-------------+-----
Invocations    | 1 2 |  2.4
Evocations     | 1 |  1.7
Maces & Flails | 3 |  3.1
Fighting       | |  3.8
Armour         | |  3.9
Shields        | |  3.8

Action                     |  1- 3 |  4- 6 || total
---------------------------+-------+-------++-------
  Melee: Flail             |   122 |    87 ||   209
         Unarmed           |       |    20 ||    20
  Evoke: Wand              |       |     1 ||     1
    Use: Scroll            |     5 |       ||     5
         Potion            |       |     1 ||     1
 Armour: Scale mail        |    93 |    50 ||   143
         Skin              |       |     7 ||     7
  Dodge: Dodged            |    63 |    50 ||   113
  Block: Buckler           |    28 |    24 ||    52
